Cogmind - Beta 12 @@@ ROGUE MODE // 2023.11.28 @ 14:08:20 Player: Triffids Result: Escaped! Performance ------------- Evolutions (9) 4500 Regions Visited (16) 3200 Robots Destroyed (31) 155 Value Destroyed (816) 816 Prototype IDs (7) 140 Alien Tech Used (1) 200 Bonus (4013) 4013 TOTAL SCORE: 13024 Bonus ------- High Alert Combat Kills 40 Follower Combat Kills 49 Aligned with FarCom 300 Win 3000 Win Speed 624 Cogmind --------- Core Integrity 1362/1600 Matter 290/300 Energy 148/150 System Corruption 1% Temperature Cool (4) Movement Flying (42) Location To Epsilon Eridani Parts ------- > --- POWER (1) -------- Micro Antimatter Reactor > --- PROPULSION (6) --- Impulse Thruster Array Impulse Thruster Array > --- UTILITY (14) ----- Advanced Heat Sink Advanced Heat Sink Enhanced Optical Array Advanced Signal Interpreter Advanced Terrain Scan Processor Modified TNC Improved Targeting Computer Improved Targeting Computer Improved Targeting Computer Advanced Target Analyzer Core Analyzer Graphene Brace Improved Hacking Suite > --- WEAPON (4) ------- Enhanced Force Lance > --- INVENTORY (5) ---- Light Angular Momentum Engine Light Antimatter Reactor Impulse Thruster Peak State ------------ > --- POWER ------------ Micro Antimatter Reactor > --- PROPULSION ------- Field Propulsion Array Field Propulsion Array Impulse Thruster Array > --- UTILITY ---------- Improved Heat Sink Advanced Heat Sink Advanced Heat Sink Enhanced Optical Array Advanced Signal Interpreter Advanced Terrain Scan Processor Modified TNC Improved Targeting Computer Improved Targeting Computer Advanced Target Analyzer Core Analyzer Medium Insulated Plating Graphene Brace Improved Hacking Suite > --- WEAPON ----------- Tesla Rifle Hypervelocity Railgun Enhanced Force Lance > --- INVENTORY -------- Light Antimatter Reactor Impulse Thruster Impulse Thruster Array [Rating: 141] Favorites ----------- Power Light Ion Engine Engine Light Ion Engine Power Core Light Neutrino Core Reactor Micro Antimatter Reactor Propulsion Xenon Bombardment Thruster Treads Light Treads Leg Aluminum Leg Flight Unit Xenon Bombardment Thruster Utility Modified TNC Device Improved Heat Sink Storage Medium Storage Unit Processor Modified TNC Hackware Hacking Suite Protection Hardened Medium Armor Plating Weapon Medium Laser Energy Gun Medium Laser Ballistic Gun Barrage Gun Ballistic Cannon Improved Light Cannon Launcher Rocket Launcher Piercing Weapon Enhanced Force Lance Build | -11 -10 -10 -10 -9 -8 -7 -6 -5 -5 -5 -4 -4 -4 -3 -2 -1 ------- Run | Jun Mat Min Exi Min Mat Fac Fac Fac Upp Upp Fac Upp Upp Res Res Acc Slots Evolved 18 | . . . . . 4 2 2 2 . . 2 . . 2 2 2 Power . | . . . . . . . . . . . . . . . . . Propulsion 4 | . . . . . 2 . . . . . 2 . . . . . Utility 12 | . . . . . 1 2 1 2 . . . . . 2 2 2 Weapon 2 | . . . . . 1 . 1 . . . . . . . . . Parts Attached 107 | 7 1 4 2 . 17 10 5 6 . 1 9 5 6 16 2 16 Power 9 | 1 . 1 . . 1 . . . . . 2 . . 3 . 1 Engine 3 | 1 . 1 . . 1 . . . . . . . . . . . Core 4 | . . . . . . . . . . . 2 . . 2 . . Reactor 2 | . . . . . . . . . . . . . . 1 . 1 Propulsion 21 | 2 . . . . 8 4 . 1 . . 1 1 . 1 1 2 Treads 2 | . . . . . 2 . . . . . . . . . . . Leg 3 | 2 . . . . 1 . . . . . . . . . . . Wheel . | . . . . . . . . . . . . . . . . . Hover . | . . . . . . . . . . . . . . . . . Flight 16 | . . . . . 5 4 . 1 . . 1 1 . 1 1 2 Utility 45 | 2 1 1 2 . 3 4 2 3 . 1 2 2 3 8 1 10 Device 18 | 1 . . 1 . . 2 2 1 . . 1 . 1 5 1 3 Storage 2 | 1 1 . . . . . . . . . . . . . . . Processor 10 | . . . 1 . . . . 1 . . 1 . . 1 . 6 Hackware 6 | . . . . . 1 1 . . . 1 . 1 2 . . . Protection 9 | . . 1 . . 2 1 . 1 . . . 1 . 2 . 1 Artifact . | . . . . . . . . . . . . . . . . . Weapon 32 | 2 . 2 . . 5 2 3 2 . . 4 2 3 4 . 3 Energy Gun 19 | 2 . 1 . . 4 2 . 2 . . 3 1 1 2 . 1 Energy Cannon . | . . . . . . . . . . . . . . . . . Ballistic Gun 8 | . . . . . . . 3 . . . . . 2 2 . 1 Ballistic Cannon 1 | . . . . . 1 . . . . . . . . . . . Launcher 3 | . . 1 . . . . . . . . 1 1 . . . . Special Weapon . | . . . . . . . . . . . . . . . . . Impact Weapon . | . . . . . . . . . . . . . . . . . Slashing Weapon . | . . . . . . . . . . . . . . . . . Piercing Weapon 1 | . . . . . . . . . . . . . . . . 1 Special Melee Weapon . | . . . . . . . . . . . . . . . . . Unidentified Prototypes 5 | . . . 2 . 1 . . . . . 1 . . 1 . . Parts Lost 23 | . . 1 . . . . . 1 . . . 4 3 2 . 12 Power . | . . . . . . . . . . . . . . . . . Propulsion 7 | . . . . . . . . 1 . . . 2 . 1 . 3 Utility 10 | . . . . . . . . . . . . 1 2 1 . 6 Weapon 6 | . . 1 . . . . . . . . . 1 1 . . 3 Highest Loss Streak 5 | . . 1 . . . . . 1 . . . 4 2 2 . 5 To Critical Strikes . | . . . . . . . . . . . . . . . . . Average Slot Usage (%) 91 | . 100 100 100 100 99 94 99 92 88 92 90 82 79 82 77 76 Engine 7 | . 14 14 14 14 9 7 6 5 5 5 . . . . . . Leg 12 | . 28 28 28 28 11 . . . . . . . . . . . Flight 11 | . . . . . 20 30 26 23 23 23 24 21 21 18 17 13 Device 9 | . 14 9 . . . 6 12 11 11 11 12 10 10 15 16 18 Storage 6 | . 14 14 14 14 4 . . . . . . . . . . . Processor 7 | . . . 2 14 9 7 6 10 11 11 7 10 10 11 13 19 Hackware 5 | . . . . . 4 10 13 11 11 15 15 15 14 9 8 6 Protection 5 | . . 4 11 . 9 7 6 5 5 5 5 4 5 4 4 3 Energy Gun 17 | . 28 21 28 28 21 23 20 15 11 11 18 12 4 8 8 5 Ballistic Gun 1 | . . . . . . . 6 5 5 5 . . 4 8 4 2 Launcher 1 | . . 6 . . . . . . . . . 2 2 . . . Naked Turns . | . . . . . . . . . . . . . . . . . Heaviest Build 44 | 13 18 25 25 17 29 20 24 24 22 22 35 33 31 41 37 44 Greatest Support 46 | 20 20 20 20 20 37 24 24 24 24 24 39 39 31 43 44 46 Greatest Overweight (x) 1 | 1 . 1 1 . 1 . . . . . . . . . . . Average Overweight (x) . | . . . . . . . . . . . . . . . . . Largest Inventory Capacity 10 | 8 10 10 10 10 10 5 5 5 5 5 5 5 5 5 5 5 Average Capacity 7 | 7 9 10 10 10 7 5 5 5 5 5 5 5 5 5 5 5 Most Carried 10 | 7 8 10 10 10 10 5 5 5 5 5 5 5 5 5 5 5 Average Carried 6 | 4 7 9 9 10 6 4 4 4 5 5 4 5 4 4 4 4 Final Capacity 10 | 8 10 10 10 10 5 5 5 5 5 5 5 5 5 5 5 5 Final Carried 10 | 5 8 10 10 10 5 5 5 5 5 5 5 5 4 5 5 3 Class Distribution -------------------- 45% | Mutant 35% | Hacker-Sprinter 5% | Hacker-Scout 5% | Sprinter 4% | Scout Dominant Class ---------------- Mutant | -10/Materials Mutant | -10/Mines Mutant | -10/Exiles Mutant | -9/Mines Sprinter | -8/Materials Sprinter | -7/Factory Hacker-Sprinter | -6/Factory Hacker-Sprinter | -5/Factory Hacker-Sprinter | -5/Upper Caves Hacker-Sprinter | -5/Upper Caves Hacker-Sprinter | -4/Factory Hacker-Sprinter | -4/Upper Caves Hacker-Sprinter | -4/Upper Caves Hacker-Sprinter | -3/Research Hacker-Sprinter | -2/Research Hacker-Scout | -1/Access Resources | -11 -10 -10 -10 -9 -8 -7 -6 -5 -5 -5 -4 -4 -4 -3 -2 -1 ----------- Run | Jun Mat Min Exi Min Mat Fac Fac Fac Upp Upp Fac Upp Upp Res Res Acc Matter Collected 1461 | 260 . 119 . 33 178 . . 87 97 31 40 102 150 178 . 186 Remotely . | . . . . . . . . . . . . . . . . . Salvage Created 1114 | 178 . 43 . . 89 . . 87 . . 94 111 . 171 20 321 Parts 80 | 15 . 7 . . 7 . . 7 . . 1 10 . 9 2 22 Haulers Intercepted 4 | . . . . . 2 . . . . . 1 . . 1 . . Recyclers Shooed 3 | 1 . . . . . . . 1 . . 1 . . . . . Parts Field Recycled . | . . . . . . . . . . . . . . . . . Retrieved Matter . | . . . . . . . . . . . . . . . . . Parts Self-Destructed 7 | . . . . . . . . . . . . 5 2 . . . Prevented . | . . . . . . . . . . . . . . . . . Kills | -11 -10 -10 -10 -9 -8 -7 -6 -5 -5 -5 -4 -4 -4 -3 -2 -1 ------- Run | Jun Mat Min Exi Min Mat Fac Fac Fac Upp Upp Fac Upp Upp Res Res Acc Combat Hostiles Destroyed 15 | . . 4 . . . . . . . . . 7 . 1 . 3 Melee 3 | . . . . . . . . . . . . . . . . 3 Guns 3 | . . 2 . . . . . . . . . . . 1 . . AOE 9 | . . 2 . . . . . . . . . 7 . . . . Classes Destroyed 9 | 2 . 1 . . 1 . . 3 . . . . . 1 . 1 Worker 1 | . . . . . . . . 1 . . . . . . . . Tunneler 5 | 4 . . . . . . . . . . . . . . . 1 Hauler 4 | . . . . . 2 . . . . . 1 . . 1 . . Recycler 1 | 1 . . . . . . . . . . . . . . . . Operator 3 | . . . . . . . . 1 . . . . . . 1 1 Watcher 2 | . . . . . . . . 1 . . . . . . . 1 Swarmer 11 | . . 4 . . . . . . . . . 7 . . . . Sentry 1 | . . . . . . . . . . . . . . . . 1 Programmer 3 | . . . . . . . . . . . . . . 1 . 2 Packrat 1 | . . . . . . . . . . . . 1 . . . . Best Kill Streak 5 | 5 . 3 . . 1 . . 3 . . 1 4 . 1 1 1 Combat Bots Only 4 | . . 3 . . . . . . . . . 4 . 1 . 1 Max Kills in Single Turn 3 | 2 . 1 . . 1 . . 1 . . 1 3 . 1 1 1 Gunslinging . | . . . . . . . . . . . . . . . . . Exploded 2 | . . 1 . . . . . . . . . 2 . . . . Melee 1 | . . . . . . . . . . . . . . . . 1 Uniques/NPCs Destroyed . | . . . . . . . . . . . . . . . . . Combat | -11 -10 -10 -10 -9 -8 -7 -6 -5 -5 -5 -4 -4 -4 -3 -2 -1 -------- Run | Jun Mat Min Exi Min Mat Fac Fac Fac Upp Upp Fac Upp Upp Res Res Acc Damage Taken 3549 | . . 280 . . . 145 . 46 50 20 219 427 325 262 . 1775 Core 389 | . . 38 . . . 12 . . . . 18 58 25 . . 238 Absorbed by Shields . | . . . . . . . . . . . . . . . . . Regen/Repaired (Parts) 6 | . . . . . . . . . . . 6 . . . . . Core Remaining (%) 95 | 100 . . . 84 100 98 100 . . 100 . . 91 100 100 85 Volleys Fired 49 | 4 . 7 . . 3 2 . 7 . . 6 5 5 4 2 4 Largest 4 | 2 . 2 . . 3 3 . 2 . . 4 4 3 4 3 3 Hottest 301 | 90 . 83 . . 189 189 . 138 . . 301 268 149 243 210 210 Shots Fired 121 | 8 . 14 . . 9 6 . 13 . . 15 11 12 16 6 11 Gun 105 | 8 . 7 . . 7 6 . 13 . . 15 6 10 16 6 11 Cannon 2 | . . . . . 2 . . . . . . . . . . . Launcher 14 | . . 7 . . . . . . . . . 5 2 . . . Special . | . . . . . . . . . . . . . . . . . Kinetic 22 | . . . . . 2 . . . . . . . 6 8 2 4 Thermal 80 | 4 . 7 . . 7 6 . 13 . . 15 6 4 8 4 6 Explosive 14 | . . 7 . . . . . . . . . 5 2 . . . Electromagnetic 5 | 4 . . . . . . . . . . . . . . . 1 Robot Hit Streak 12 | 4 . 3 . . 3 4 . 5 . . 12 2 7 4 2 11 Robot Miss Streak 6 | 2 . 6 . . 3 2 . 3 . . 4 1 2 2 1 . Penetration Max . | . . . . . . . . . . . . . . . . . Secondary Targets . | . . . . . . . . . . . . . . . . . Shots Hit Robots 74 | 4 . 4 . . 5 4 . 8 . . 9 5 8 8 3 16 Core Hits 55 | 6 . 6 . . 2 1 . 5 . . 2 10 7 4 2 10 Critical Kills . | . . . . . . . . . . . . . . . . . Critical Parts Destroyed . | . . . . . . . . . . . . . . . . . Critical Strikes 2 | . . . . . . . . . . . . . . . 1 1 Burn 1 | . . . . . . . . . . . . . . . 1 . Impale 1 | . . . . . . . . . . . . . . . . 1 Melee Attacks 16 | . . . . . . . . . . . . . . . . 16 Impact . | . . . . . . . . . . . . . . . . . Slashing . | . . . . . . . . . . . . . . . . . Piercing 16 | . . . . . . . . . . . . . . . . 16 Sneak Attacks 1 | . . . . . . . . . . . . . . . . 1 Combat Hostiles . | . . . . . . . . . . . . . . . . . Follow-up Attacks . | . . . . . . . . . . . . . . . . . Damage Inflicted 2745 | 91 . 129 . . 90 68 . 192 . . 222 682 353 197 67 654 Guns 1406 | 91 . 37 . . 67 68 . 192 . . 222 65 196 197 67 204 Cannons 23 | . . . . . 23 . . . . . . . . . . . Explosions 866 | . . 92 . . . . . . . . . 617 157 . . . Melee 450 | . . . . . . . . . . . . . . . . 450 Ramming . | . . . . . . . . . . . . . . . . . Kinetic 291 | . . . . . 23 . . . . . . . 117 104 14 33 Thermal 1079 | 37 . 37 . . 67 68 . 192 . . 222 65 79 93 53 166 Explosive 866 | . . 92 . . . . . . . . . 617 157 . . . Electromagnetic 59 | 54 . . . . . . . . . . . . . . . 5 Impact . | . . . . . . . . . . . . . . . . . Slashing . | . . . . . . . . . . . . . . . . . Piercing 450 | . . . . . . . . . . . . . . . . 450 Highest Corruption 2 | . . . . . . . . . . . 2 . . 2 . 2 Average Corruption 1 | . . . . . . . . . . . 1 . . 1 . 1 Corruption Purged 5 | . . . . . . . . . . . 2 . . 1 . 2 Corruption Blocked . | . . . . . . . . . . . . . . . . . Overload Shots . | . . . . . . . . . . . . . . . . . Overflow Damage 40 | . . 3 . . . . . . . . . 33 . . . 4 Projectiles . | . . . . . . . . . . . . . . . . . Explosions 36 | . . 3 . . . . . . . . . 33 . . . . Melee 4 | . . . . . . . . . . . . . . . . 4 Knockbacks . | . . . . . . . . . . . . . . . . . Impact . | . . . . . . . . . . . . . . . . . Kinetic . | . . . . . . . . . . . . . . . . . Secondary . | . . . . . . . . . . . . . . . . . Self-Inflicted Damage 88 | . . 85 . . . . . . . . . 3 . . . . Shots 3 | . . 2 . . . . . . . . . 1 . . . . Rammed . | . . . . . . . . . . . . . . . . . Targets Rammed . | . . . . . . . . . . . . . . . . . Kicked . | . . . . . . . . . . . . . . . . . Crushed . | . . . . . . . . . . . . . . . . . Highest Temperature 321 | 120 . 105 . . 135 77 . 262 . 1 270 321 60 246 44 27 Average Temperature 94 | 62 . 47 . . 54 40 . 149 . 1 146 172 26 125 28 18 Received Heat Transfer 291 | . . 9 . . . 30 . . 9 9 . 141 57 . . 36 Siege Activations . | . . . . . . . . . . . . . . . . . Robots Corrupted . | . . . . . . . . . . . . . . . . . Combat Hostiles . | . . . . . . . . . . . . . . . . . Parts Fried . | . . . . . . . . . . . . . . . . . Impact Corruptions . | . . . . . . . . . . . . . . . . . Robots Melted 1 | . . . . . . . . . . . 1 . . . . . Combat Hostiles . | . . . . . . . . . . . . . . . . . Parts Melted 4 | . . . . . . . . 1 . . 1 . . . 2 . Heat Transferred 1961 | 111 . 111 . . 148 148 . 370 . . 370 111 111 111 148 222 Parts Sabotaged . | . . . . . . . . . . . . . . . . . Parts Stolen . | . . . . . . . . . . . . . . . . . Parts Stripped . | . . . . . . . . . . . . . . . . . Power Chain Reactions . | . . . . . . . . . . . . . . . . . Missiles Intercepted . | . . . . . . . . . . . . . . . . . Alert | -11 -10 -10 -10 -9 -8 -7 -6 -5 -5 -5 -4 -4 -4 -3 -2 -1 ------- Run | Jun Mat Min Exi Min Mat Fac Fac Fac Upp Upp Fac Upp Upp Res Res Acc Peak Influence 551 | 25 23 139 . . 104 81 37 71 . . 129 . . 449 244 551 Initial 336 | . 16 8 . . . 46 37 17 . . 88 . . 336 224 146 Average 126 | 8 17 40 . . 32 76 37 20 . . 103 . . 383 226 293 Maximum Alert Level 2 | . . . . . . . . . . . . . . 2 1 2 Low Security (%) 73 | 100 100 100 . 100 100 100 100 100 . . 100 . . . . 26 Level 1 17 | . . . . . . . . . . . . . . 55 100 48 Level 2 8 | . . . . . . . . . . . . . . 44 . 25 Level 3 . | . . . . . . . . . . . . . . . . . Level 4 . | . . . . . . . . . . . . . . . . . Level 5 . | . . . . . . . . . . . . . . . . . High Security . | . . . . . . . . . . . . . . . . . Max Security . | . . . . . . . . . . . . . . . . . Squads Dispatched 14 | . . 1 . 1 . 1 . 1 . . 3 . 1 2 1 3 Investigation 4 | . . 1 . . . . . 1 . . . . . 1 . 1 Extermination 2 | . . . . . . . . . . . 1 . . . . 1 Reinforcement 6 | . . . . . . 1 . . . . 2 . . 1 1 1 Assault 2 | . . . . 1 . . . . . . . . 1 . . . Garrison . | . . . . . . . . . . . . . . . . . Intercept . | . . . . . . . . . . . . . . . . . Searches Triggered 1 | . . . . . . . . . . . . . . 1 . . Construction Impeded . | . . . . . . . . . . . . . . . . . Haulers Reinforced 1 | . . . . . . . . . . . 1 . . . . . Active Scanning Responses . | . . . . . . . . . . . . . . . . . Cargo Convoy Interrupts . | . . . . . . . . . . . . . . . . . Stealth | -11 -10 -10 -10 -9 -8 -7 -6 -5 -5 -5 -4 -4 -4 -3 -2 -1 --------- Run | Jun Mat Min Exi Min Mat Fac Fac Fac Upp Upp Fac Upp Upp Res Res Acc Distress Signals 2 | . . . . . 1 . . . . . . . . . . 1 Communications Jammed . | . . . . . . . . . . . . . . . . . Distress Signals . | . . . . . . . . . . . . . . . . . Times Spotted 128 | . . 6 . . 1 4 . 5 1 11 9 20 21 12 . 38 Peak Tracking Total 16 | . . 3 . . 5 4 . 3 1 5 10 11 14 9 . 16 Tactical Retreats 25 | . . . . . 1 . . 1 . 4 . 5 5 1 . 8 Traps | -11 -10 -10 -10 -9 -8 -7 -6 -5 -5 -5 -4 -4 -4 -3 -2 -1 ------- Run | Jun Mat Min Exi Min Mat Fac Fac Fac Upp Upp Fac Upp Upp Res Res Acc Traps Triggered 5 | . . . . . . 1 . 2 . . . . . 2 . . Indirectly . | . . . . . . . . . . . . . . . . . Trap Hack Attempts . | . . . . . . . . . . . . . . . . . Triggered . | . . . . . . . . . . . . . . . . . Disarmed . | . . . . . . . . . . . . . . . . . Reprogrammed . | . . . . . . . . . . . . . . . . . Reused . | . . . . . . . . . . . . . . . . . Traps Extracted . | . . . . . . . . . . . . . . . . . Installed . | . . . . . . . . . . . . . . . . . Triggered . | . . . . . . . . . . . . . . . . . Most Traps Carried 1 | . . 1 1 1 1 . . . . . . . . . . . Machines | -11 -10 -10 -10 -9 -8 -7 -6 -5 -5 -5 -4 -4 -4 -3 -2 -1 ---------- Run | Jun Mat Min Exi Min Mat Fac Fac Fac Upp Upp Fac Upp Upp Res Res Acc Machines Disabled 6 | . . 2 . . . . . . . . . . 1 . 1 2 Max in Single Turn 1 | . . 1 . . . . . . . . . . 1 . 1 1 Garrison Access 2 | . . . . . . . 1 . . . . . . 1 . . Machines Repaired . | . . . . . . . . . . . . . . . . . Machines Sabotaged . | . . . . . . . . . . . . . . . . . Overloaded Fab Kills . | . . . . . . . . . . . . . . . . . Hacking | -11 -10 -10 -10 -9 -8 -7 -6 -5 -5 -5 -4 -4 -4 -3 -2 -1 --------- Run | Jun Mat Min Exi Min Mat Fac Fac Fac Upp Upp Fac Upp Upp Res Res Acc Machines Accessed 32 | . 1 2 . . 3 5 2 2 . . 2 1 2 7 1 4 Terminals 17 | . 1 1 . . 3 2 1 2 . . 1 . . 3 . 3 Fabricators . | . . . . . . . . . . . . . . . . . Repair Stations 2 | . . . . . . . . . . . 1 . . 1 . . Recycling Units 5 | . . . . . . 2 . . . . . . . 2 . 1 Scanalyzers 1 | . . . . . . 1 . . . . . . . . . . Garrison Access 3 | . . . . . . . 1 . . . . . . 1 1 . Total Hacks 80 | . 2 4 . . 7 16 2 5 . . 10 1 2 24 1 6 Successful 40 | . 1 2 . . 6 11 1 . . . 5 1 2 9 . 2 Failed 40 | . 1 2 . . 1 5 1 5 . . 5 . . 15 1 4 Catastrophic 11 | . . . . . 1 1 1 3 . . . . . 3 1 1 Database Lockouts . | . . . . . . . . . . . . . . . . . Manual 24 | . 1 3 1 . 3 5 . 2 . . 2 . . 7 . . Terminals 48 | . 2 3 . . 7 6 1 5 . . 7 . . 12 . 5 Fabricators . | . . . . . . . . . . . . . . . . . Repair Stations 5 | . . . . . . . . . . . 3 . . 2 . . Recycling Units 17 | . . . . . . 7 . . . . . . . 9 . 1 Scanalyzers 3 | . . . . . . 3 . . . . . . . . . . Garrison Access 3 | . . . . . . . 1 . . . . . . 1 1 . Terminal Hacks 16 | . 1 1 . . 3 2 . . . . 2 1 2 3 . 1 Record 3 | . . . . . . . . . . . . . 1 2 . . Prototype ID Bank 1 | . . . . . 1 . . . . . . . . . . . Open Door 3 | . . 1 . . . . . . . . . 1 1 . . . Level Access Points 2 | . . . . . . . . . . . . . . 1 . 1 Branch Access Points 2 | . 1 . . . . . . . . . 1 . . . . . Terminal Index 1 | . . . . . . 1 . . . . . . . . . . Locate Traps 1 | . . . . . . 1 . . . . . . . . . . Registered Components 1 | . . . . . 1 . . . . . . . . . . . Zone Layout 2 | . . . . . 1 . . . . . 1 . . . . . Fabricator Hacks . | . . . . . . . . . . . . . . . . . Repair Station Hacks 2 | . . . . . . . . . . . 2 . . . . . Scan Component 1 | . . . . . . . . . . . 1 . . . . . Repair 1 | . . . . . . . . . . . 1 . . . . . Recycling Unit Hacks 7 | . . . . . . 4 . . . . . . . 2 . 1 Report Inventory 5 | . . . . . . 2 . . . . . . . 2 . 1 Retrieve Components 2 | . . . . . . 2 . . . . . . . . . . Scanalyzer 3 | . . . . . . 3 . . . . . . . . . . Insert Component 2 | . . . . . . 2 . . . . . . . . . . Analyze 1 | . . . . . . 1 . . . . . . . . . . Garrison Access Hacks 2 | . . . . . . . 1 . . . . . . 1 . . Seal Access 2 | . . . . . . . 1 . . . . . . 1 . . Unauthorized Hacks 10 | . . 1 . . 3 2 . . . . 1 . . 3 . . Terminals 9 | . . 1 . . 3 1 . . . . 1 . . 3 . . Botnet 7 | . . 1 . . 2 1 . . . . 1 . . 2 . . Disrupt 2 | . . . . . 1 . . . . . . . . 1 . . Fabricators . | . . . . . . . . . . . . . . . . . Repair Stations . | . . . . . . . . . . . . . . . . . Recycling Units 1 | . . . . . . 1 . . . . . . . . . . Mask 1 | . . . . . . 1 . . . . . . . . . . Scanalyzers . | . . . . . . . . . . . . . . . . . Garrison Access . | . . . . . . . . . . . . . . . . . Data Cores Recovered 1 | . . . . . . . . . . . . . . . . 1 Used . | . . . . . . . . . . . . . . . . . Hacking Detections 23 | . 1 1 . . 3 4 1 2 . . 1 . . 5 1 4 Full Trace Events 2 | . . . . . . . . 1 . . . . . . . 1 Feedback Events . | . . . . . . . . . . . . . . . . . Feedback Blocked . | . . . . . . . . . . . . . . . . . Robot Schematics Acquired . | . . . . . . . . . . . . . . . . . Robots Built . | . . . . . . . . . . . . . . . . . Authchips . | . . . . . . . . . . . . . . . . . Time . | . . . . . . . . . . . . . . . . . Total Robot Build Rating . | . . . . . . . . . . . . . . . . . Part Schematics Acquired 1 | . . . . . . 1 . . . . . . . . . . Parts Built . | . . . . . . . . . . . . . . . . . Authchips . | . . . . . . . . . . . . . . . . . Time . | . . . . . . . . . . . . . . . . . Total Part Build Rating . | . . . . . . . . . . . . . . . . . Parts Repaired 1 | . . . . . . . . . . . 1 . . . . . Time 44 | . . . . . . . . . . . 44 . . . . . Parts Recycled . | . . . . . . . . . . . . . . . . . Recycled Matter . | . . . . . . . . . . . . . . . . . Retrieved Matter . | . . . . . . . . . . . . . . . . . Retrieved Components 5 | . . . . . . 5 . . . . . . . . . . Parts Scanalyzed 1 | . . . . . . 1 . . . . . . . . . . Part Schematics Acquired 1 | . . . . . . 1 . . . . . . . . . . Parts Damaged . | . . . . . . . . . . . . . . . . . Bothacking | -11 -10 -10 -10 -9 -8 -7 -6 -5 -5 -5 -4 -4 -4 -3 -2 -1 ------------ Run | Jun Mat Min Exi Min Mat Fac Fac Fac Upp Upp Fac Upp Upp Res Res Acc Used RIF Installer . | . . . . . . . . . . . . . . . . . Robots Hacked . | . . . . . . . . . . . . . . . . . Non-combat . | . . . . . . . . . . . . . . . . . Combat . | . . . . . . . . . . . . . . . . . Robot Hacks Applied . | . . . . . . . . . . . . . . . . . Relay Couplers Released . | . . . . . . . . . . . . . . . . . Fabnet Peak Effective % . | . . . . . . . . . . . . . . . . . Robots Rewired . | . . . . . . . . . . . . . . . . . Allies Hacked . | . . . . . . . . . . . . . . . . . Hacks Repelled . | . . . . . . . . . . . . . . . . . Allies | -11 -10 -10 -10 -9 -8 -7 -6 -5 -5 -5 -4 -4 -4 -3 -2 -1 -------- Run | Jun Mat Min Exi Min Mat Fac Fac Fac Upp Upp Fac Upp Upp Res Res Acc Total Allies 2 | . . 1 . 1 . . . . . . . . . . . . Largest Group 1 | . . 1 . 1 1 1 . . . . . . . . . . Highest-Rated Group 31 | . . 31 . 31 31 31 . . . . . . . . . . Highest-Rated Ally 31 | . . 31 . 31 31 31 . . . . . . . . . . Total Orders . | . . . . . . . . . . . . . . . . . Ally Attacks 22 | . . 4 . . 10 8 . . . . . . . . . . Total Damage 297 | . . 61 . . 126 110 . . . . . . . . . . Kills 3 | . . 2 . . 1 . . . . . . . . . . . Allies Corrupted . | . . . . . . . . . . . . . . . . . Allies Melted . | . . . . . . . . . . . . . . . . . Intel | -11 -10 -10 -10 -9 -8 -7 -6 -5 -5 -5 -4 -4 -4 -3 -2 -1 ------- Run | Jun Mat Min Exi Min Mat Fac Fac Fac Upp Upp Fac Upp Upp Res Res Acc Robot Analysis Total . | . . . . . . . . . . . . . . . . . Derelict Logs Recovered 6 | . . 1 . . . . . . . 1 . 2 2 . . . Drone Launches . | . . . . . . . . . . . . . . . . . Drone Recoveries . | . . . . . . . . . . . . . . . . . Exploration | -11 -10 -10 -10 -9 -8 -7 -6 -5 -5 -5 -4 -4 -4 -3 -2 -1 ------------- Run | Jun Mat Min Exi Min Mat Fac Fac Fac Upp Upp Fac Upp Upp Res Res Acc Turns Passed 5333 | 81 109 1005 890 214 261 228 78 219 188 155 265 267 243 315 138 677 Spaces Moved 8625 | 53 87 702 509 157 356 695 195 433 600 495 362 814 736 808 376 1247 Core 18 | 18 . . . . . . . . . . . . . . . . Treads . | . . . . . . . . . . . . . . . . . Legs 1565 | 35 87 702 509 157 75 . . . . . . . . . . . Wheels . | . . . . . . . . . . . . . . . . . Hover . | . . . . . . . . . . . . . . . . . Flight 7042 | . . . . . 281 695 195 433 600 495 362 814 736 808 376 1247 Fastest Speed 27 | 50 120 120 120 120 27 27 31 31 31 31 28 28 29 29 32 32 Average Speed 51 | 97 120 136 173 120 47 28 31 31 31 31 28 30 29 31 32 33 Slowest Speed 195 | 120 120 190 190 120 195 31 31 31 31 31 31 34 29 35 32 42 Overloaded Moves . | . . . . . . . . . . . . . . . . . Propulsion Burnouts . | . . . . . . . . . . . . . . . . . Robots Hopped 64 | . . . . . 2 2 3 2 5 . 1 8 2 13 4 22 Cave-ins Triggered . | . . . . . . . . . . . . . . . . . Exploration Rate (%) 39 | 4 21 100 93 37 30 19 5 13 69 53 10 90 74 25 9 27 Regions Visited 16 Branch Regions 7 Pre-discovered Areas 1 | . . . . . . . . . . . . . 1 . . . Known Exits Taken 6 | . 1 . . . . . . 1 1 1 1 . . 1 . . Unknown Exits Taken 10 | 1 . 1 1 1 1 1 1 . . . . 1 1 . 1 . Scrap Searched 15 | . . 1 . 2 . . . . 2 2 . 4 4 . . . Spaces Dug 3 | . . . . . . . . . . . . . . . . 3 Terrain Destroyed 142 | . . 70 . . . . . . . . . 53 16 . . 3 Melee 3 | . . . . . . . . . . . . . . . . 3 Projectile 2 | . . . . . . . . . . . . 2 . . . . AOE 137 | . . 70 . . . . . . . . . 51 16 . . . Terrain Rammed . | . . . . . . . . . . . . . . . . . Walls Destroyed . | . . . . . . . . . . . . . . . . . Machines Disabled . | . . . . . . . . . . . . . . . . . Actions | -11 -10 -10 -10 -9 -8 -7 -6 -5 -5 -5 -4 -4 -4 -3 -2 -1 --------- Run | Jun Mat Min Exi Min Mat Fac Fac Fac Upp Upp Fac Upp Upp Res Res Acc Total 9311 | 72 91 738 514 182 446 718 207 502 596 495 509 821 752 848 385 1435 Wait 453 | 1 . 17 . 26 42 1 10 50 2 . 123 . 3 10 6 162 Move 8485 | 52 86 701 508 156 351 690 189 428 589 494 360 799 731 781 367 1203 Hop 59 | . . . . . 2 2 2 2 5 . . 6 2 13 4 21 Pick Up 61 | 8 3 5 1 . 11 3 1 4 . . 5 2 2 9 3 4 Fast Attach 48 | 4 . 1 1 . 5 3 . 3 . 1 4 2 3 9 . 12 Attach 26 | 3 . 1 . . 5 1 2 2 . . 3 . 1 3 2 3 Detach 5 | . . . . . . . . 1 . . 1 . . 1 . 2 Swap 34 | . 1 2 1 . 7 6 3 1 . . 2 3 2 5 . 1 Drop 74 | . 1 4 2 . 20 10 . 4 . . 5 4 3 13 1 7 Fire 49 | 4 . 7 . . 3 2 . 7 . . 6 5 5 4 2 4 Melee 16 | . . . . . . . . . . . . . . . . 16 Ram . | . . . . . . . . . . . . . . . . . Kick . | . . . . . . . . . . . . . . . . . Crush . | . . . . . . . . . . . . . . . . . Escape Stasis . | . . . . . . . . . . . . . . . . . Rewire 1 | . . . 1 . . . . . . . . . . . . . Trap . | . . . . . . . . . . . . . . . . . Miscellaneous . | . . . . . . . . . . . . . . . . . Route ------- -11/Junkyard -10/Materials -10/Mines (discovered 3 exits: [*Mat x2] / *Exi) -10/Exiles -9/Mines -8/Materials -7/Factory -6/Factory -5/Factory -5/Upper Caves -5/Upper Caves -4/Factory (discovered 3 exits: *Upp x2 / Arm) -4/Upper Caves -4/Upper Caves -3/Research (discovered 4 exits: *Res x3 / Qua) -2/Research -1/Access To Epsilon Eridani History --------- Turn | Location | Event 7 | -11/Junkyard | Discovered new exit (range 15) 82 | -11/Junkyard | Entered Materials 162 | -10/Materials | Identified exit to Mines 191 | -10/Materials | Entered Mines 198 | -10/Mines | Received a Rocket Launcher from a helpful Derelict 254 | -10/Mines | Found a hidden stash of uninstalled traps 304 | -10/Mines | Build established: Mutant 393 | -10/Mines | Learned Materials security intel 589 | -10/Mines | Discovered new exit (range 12) 665 | -10/Mines | Found a damaged Exp. Sensor Array with a note attached 668 | -10/Mines | Found Prototype Device 760 | -10/Mines | Received a Mining Laser from a helpful Derelict 883 | -10/Mines | Met a Derelict shopkeep closing up shop 1097 | -10/Mines | Discovered new exit (range 6) 1097 | -10/Mines | Discovered new exit (range 11) 1186 | -10/Mines | Deemed a non-threat by the Exiles lab entrance 1196 | -10/Mines | Entered Exiles 1246 | -10/Exiles | Met 8R-AWN 1288 | -10/Exiles | Met EX-HEX 1391 | -10/Exiles | Met EX-DEC 1499 | -10/Exiles | Visited The Gauntlet 1802 | -10/Exiles | Met EX-BIN 1834 | -10/Exiles | Aligned with FarCom system 1836 | -10/Exiles | Given EX-Vault access code 1931 | -10/Exiles | Opened EX-Vault 1943 | -10/Exiles | Found Prototype Device 1944 | -10/Exiles | Identified Trap Reconfigurator 1949 | -10/Exiles | Found Prototype Processor 1949 | -10/Exiles | Identified Modified TNC 1977 | -10/Exiles | Warned to stay clear of 0b10 Research branches 2074 | -10/Exiles | Discovered new exit (range 12) 2086 | -10/Exiles | Left Exiles lab with Modified TNC 2086 | -10/Exiles | Entered Mines 2097 | -9/Mines | Met a Derelict bent on vengeance 2279 | -9/Mines | Discovered new exit (range 10) 2280 | -9/Mines | Met a Derelict testing a Signal Generator 2300 | -9/Mines | Entered Materials 2300 | -8/Materials | Accompanied by 1 ally 2300 | -8/Materials | Evolved 4 slots: Propulsion x2, Utility x1, Weapon x1 2507 | -8/Materials | Discovered new exit (range 15) 2561 | -8/Materials | Entered Factory 2561 | -7/Factory | Accompanied by 1 ally 2561 | -7/Factory | Evolved 2 slots: Utility x2 2578 | -7/Factory | Identified Exp. Sensor Array 2782 | -7/Factory | Discovered new exit (range 16) 2789 | -7/Factory | Entered another Factory area 2789 | -6/Factory | Evolved 2 slots: Utility x1, Weapon x1 2851 | -6/Factory | Discovered new exit (range 8) 2867 | -6/Factory | Entered another Factory area 2867 | -5/Factory | Evolved 2 slots: Utility x2 2997 | -5/Factory | Build established: Hacker-Sprinter 3079 | -5/Factory | Discovered new exit (range 5) 3079 | -5/Factory | Identified exit to Upper Caves 3086 | -5/Factory | Entered Upper Caves 3185 | -5/Upper Caves | Attracted the attention of an 0b10 checkpoint 3265 | -5/Upper Caves | Discovered new exit (range 15) 3274 | -5/Upper Caves | Identified exit to Upper Caves 3274 | -5/Upper Caves | Entered another Upper Caves area 3308 | -5/Upper Caves | Spotted B-75 Beast 3387 | -5/Upper Caves | Identified exit to Factory 3429 | -5/Upper Caves | Entered Factory 3429 | -4/Factory | Evolved 2 slots: Propulsion x2 3577 | -4/Factory | Spotted B-86 Titan 3578 | -4/Factory | Identified exit to Upper Caves 3578 | -4/Factory | Identified exit to Armory 3590 | -4/Factory | Spotted B-86 Titan 3641 | -4/Factory | Repaired System Restoration Module 3694 | -4/Factory | Entered Upper Caves 3837 | -4/Upper Caves | Attracted the attention of an 0b10 outpost 3880 | -4/Upper Caves | Learned Research terminal intel 3887 | -4/Upper Caves | Learned Research terminal intel 3889 | -4/Upper Caves | Lost 4 parts (2n1u1w) 3959 | -4/Upper Caves | Discovered new exit (range 8) 3961 | -4/Upper Caves | Entered another Upper Caves area 3969 | -4/Upper Caves | Found Alien Artifact 3987 | -4/Upper Caves | Learned location of 1 exit from Research 4062 | -4/Upper Caves | Attracted the attention of an 0b10 outpost 4106 | -4/Upper Caves | Learned location of Armory (-4) 4201 | -4/Upper Caves | Discovered new exit (range 12) 4204 | -4/Upper Caves | Entered Research 4204 | -3/Research | Evolved 2 slots: Utility x2 4204 | -3/Research | Identified Dimensional Node Initializer 4204 | -3/Research | Initialized slip node 4205 | -3/Research | Identified exit to Quarantine 4206 | -3/Research | Loaded intel: 23 terminal locations 4399 | -3/Research | Identified exit to Research 4454 | -3/Research | Search patrols dispatched 4494 | -3/Research | Spotted B-86 Titan 4519 | -3/Research | Entered another Research area 4519 | -2/Research | Evolved 2 slots: Utility x2 4520 | -2/Research | Loaded intel: 22 terminal locations 4652 | -2/Research | Discovered new exit (range 15) 4657 | -2/Research | Entered Access 4657 | -1/Access | Evolved 2 slots: Utility x2 4850 | -1/Access | Found Enh. Force Lance 4981 | -1/Access | Build established: Hacker-Scout 5038 | -1/Access | Lost 4 parts (1n2u1w) 5135 | -1/Access | Spotted B-99 Colossus 5229 | -1/Access | Identified exit to Surface 5298 | -1/Access | Spotted B-99 Colossus 5316 | -1/Access | Spotted B-99 Colossus 5334 | *** | Escaped! Last Messages --------------- 05318_ Slug penetrates B-99 Colossus. 05318_ Slug penetrates Sealed Heavy Doors. 05318_ Slug penetrates B-99 Colossus. 05318_ Slug penetrates Sealed Heavy Doors. 05318_ Slug penetrates B-99 Colossus. 05319_ Sealed Heavy Doors breached. 05320_ Med. Insulated Plating destroyed. 05320_ Hyp. Railgun destroyed. 05320_ Slug penetrates Sealed Heavy Doors. 05320_ Penetrated by Slug. 05320_ Slug penetrates Sealed Heavy Doors. 05321_ B-99 Colossus activates siege mode. 05322_ Slug penetrates Sealed Heavy Doors. 05323_ Field Propulsion Array destroyed. 05323_ Penetrated by Slug. 05323_ Slug penetrates Reinforced Barrier. 05323_ Penetrated by Slug. 05323_ Slug penetrates Reinforced Barrier. 05330_ Main Access Shell breached. [Achievement: Epsilon Run] Map ----- +----------------------------------------------------+ | ??????????#######+#+########## #??????????????? | | ?????????????????????????????# #??????????????? | | ??????????????????????#######" #??????????????? | | ??????????????????????# #??????????????? | | ??????????????????????# #??????????????? | | ??????????????????????# +??????????????? | | ??????????????????????# % #??????????????? | | ??????????????????????# #??????????????? | | ??????????????????????# #??????????????? | | ???????????????????#### % #"#### #??????????????? | | ???????????????????# #?# #??????????????? | | ???????????????????# #?# ####???????????? | | ???????????????????# #?# #???????????? | | ???????????????????# #?# #???????????? | | ???????????????????# BB BB #?# #???????????? | | ???????????????????# BB BB #?# #???????????? | | ???????????????????# % % #?#+##+###?????????? | | ???????????????????#""""" """#?# #?????????? | | ??????????????????????"" """????# #?????????? | | ?????????????????????"" %"??????# #?????????? | | ???????????????????#"" """""""#?# #?????????? | | ???????????????????# % ### #?????????? | | ???????????????????# """""" ##" #?????????? | | ???????????????????# " "???#########?????????? | | ???????????????????# p" "" "?????????????????????? | | ???????????????????# " "@ "?????????????????????? | | ???????????????????# " "?????????????????????? | | ???????????????????# """ "" #??????????????????? | | ???????????????????# #??????????????????? | | ???????????????????# #??????????????????? | | ???????????????????""""""""""""??????????????????? | | ?????????????????????????????????????????????????? | | ?????????????????????????????????????????????????? | | ?????????????????????????????????????????????????? | | ?????????????????????????????????????????????????? | | ?????????????????????????????????????????????????? | | ?????????????????????????????????????????????????? | | ?????????????????????????????????????????????????? | | ???????????????????w?????????????????????????????? | | ?????????????????????????????????????????????????? | | ?????????????????????????????????????????????????? | | ?????????????????????????????????????????????????? | | ?????????????????????????????????????????????????? | | ?????????????????????????????????????????????????? | | ?????????????????????????????????????????????????? | | ?????????????????????????????????????????????????? | | ?????????????????????????????????????????????????? | | ?????????????????????????????????????????????????? | | ?????????????????????????????????????????????????? | | ?????????????????????????????????????????????????? | +----------------------------------------------------+ Best States ------------- Heat Dissipation 90 Energy Generation 19 Energy Capacity 170 Matter Stores 300 Matter Capacity 300 Sight Range 22 Terrain Scan Range 16 Terrain Scan Density 210 Armor Coverage 225 Resistance: EM 20 Evasion (%) 75 Targeting Accuracy 18 Target Analysis 8 Core Analysis 6 Offensive Hacking 22 Defensive Hacking 14 Item Schematics ----------------- Imp. Flight Unit | -7/Factory | Scanalyzed Robot Schematics ------------------ None Fabricated ------------ Nothing Alien Tech Used ----------------- Dimensional Node Initializer Achievements -------------- Epsilon Run Challenges ------------ None Game ------ Seed SigixLargeInterpreter Manual? 0 Play Time 02:50:07 Cumulative 200.1 hours Start 2023.11.27 @ 19:42:07 End 2023.11.28 @ 14:08:20 Sessions 5 Manual Loads 0 Difficulty Rogue Special Mode None Game No. 298 Rogue 298 Adventurer 0 Explorer 0 Win Type 0 Total 1 Types 1/0/0/0/0/0/0/0/0 Lore% 48 Gallery% 56 Achievement% 38 Wizard Run 0 Options --------- ASCII 0 Keyboard 1 Movement Vi Keybinds 0 Fullscreen 0 Font 20/SmallcapsGlow Map View 76x50 Tactical HUD 1 Map Filters NONE Filters NONE Steam 1 RUN: a8c1992b-d0ce-4244-91bf-1811a576cc53